 Dungeon Crawl Stone Soup version 0.28.0-49-g6dfe1f597d (webtiles) character file.

Game seed: 2277999975270920638

186 nickcage the Vexing (level 5, -5/24 HPs)
             Began as a Spriggan Enchanter on May 11, 2022.
             Slain by a mummy (8 damage)
             ... in an ossuary.
             The game lasted 00:09:28 (4221 turns).

nickcage the Vexing (Spriggan Enchanter)            Turns: 4221, Time: 00:09:28

Health: -5/24      AC:  2    Str: 10    XL:     5   Next: 38%
Magic:  10/10      EV: 17    Int: 16    God:
Gold:   90         SH:  0    Dex: 18    Spells: 7/9 levels left

rFire   . . .      SeeInvis +   a - +1 dagger
rCold   . . .      Faith    .   (no shield)
rNeg    . . .      Spirit   .   b - +0 robe
rPois   .          Reflect  .   (helmet restricted)
rElec   .          Harm     .   (no cloak)
rCorr   .          Rampage  .   (gloves unavailable)
Will    .....                   (boots unavailable)
Stlth   +++.......              (no amulet)
HPRegen 0.08/turn               d - +6 ring of strength
MPRegen 0.12/turn               f - ring of wizardry

@: very quick
A: very small, no large weapons, unfitting armour, see invisible, speed 3
a: no special abilities


You were in an ossuary.
You visited 1 branch of the dungeon, and saw 4 of its levels.
You also visited: Ossuary.

You collected 90 gold pieces.

Inventory:

Hand Weapons
 a - a +1 dagger (weapon)
Missiles
 i - 2 poisoned darts
Armour
 b - a +0 robe (worn)
Jewellery
 d - a +6 ring of strength (left hand)
 f - a ring of wizardry (right hand)
Wands
 j - a wand of flame (25)
Scrolls
 e - 3 scrolls of identify
Potions
 c - a potion of invisibility
 g - a potion of cancellation {unknown}
 h - 2 potions of curing


   Skills:
 + Level 5.0 Short Blades
 - Level 2.6 Dodging
 - Level 4.4 Stealth
 - Level 2.6 Spellcasting
 - Level 5.0 Hexes
 - Level 0.1 Ice Magic


You had 7 spell levels left.
You knew the following spells:

 Your Spells              Type           Power      Damage    Failure   Level
a - Ensorcelled Hibernat  Hex/Ice        20%        N/A       4%          2

Your spell library contained the following spells:

 Spells                   Type           Power      Damage    Failure   Level
 Confusing Touch          Hex            18%        N/A       3%          3
 Tukima's Dance           Hex            18%        N/A       3%          3
 Dazzling Flash           Conj/Hex       20%        N/A       9%          3
 Stone Arrow              Conj/Erth      4%         3d7       22%         3
 Animate Armour           Summ/Erth      4%         N/A       56%         4
 Lehudib's Crystal Spear  Conj/Erth      1%         10d2      100%        8


Dungeon Overview and Level Annotations

Branches:
Dungeon (4/15)            Ossuary (1/1)
 Temple: D:4-7

Altars:
Gozag
Makhleb
Sif Muna


Innate Abilities, Weirdness & Mutations

You are very small and have problems with some larger weapons.
You are too small for most types of armour.
You have supernaturally acute eyesight. (SInv)
You cover ground extremely quickly. (Speed+++)


Message History

The mummy is heavily damaged.
You hit the mummy but do no damage. You punch the mummy, but do no damage.
The mummy is heavily damaged.
The mummy misses you.
You hit the mummy.
The mummy is heavily damaged.
You barely miss the mummy.
The mummy is heavily damaged.
You hit the mummy but do no damage.
The mummy is heavily damaged.
The mummy hits you.
You hit the mummy but do no damage.
The mummy is heavily damaged.
You barely miss the mummy.
The mummy is heavily damaged.
The mummy closely misses you.
You hit the mummy.
The mummy is severely damaged.
You hit the mummy but do no damage.
The mummy is severely damaged.
The mummy barely misses you.
You hit the mummy but do no damage.
The mummy is severely damaged.
You barely miss the mummy.
The mummy is severely damaged.
You hit the mummy.
The mummy is severely damaged.
The mummy hits you!
* * * LOW HITPOINT WARNING * * *
You hit the mummy but do no damage.
The mummy is severely damaged.
You hit the mummy.
The mummy is severely damaged.
The mummy barely misses you.
You hit the mummy.
The mummy is almost destroyed.
You hit the mummy.
The mummy is almost destroyed.
The mummy hits you!
You die...

? .!? #.# ###+###
#.# ##.....##
##M+
##.......###..#
#.........#...+
+....⌠....'...###
#.........#..ZM@#
##.......###..###
##.....## ##.'.#
###'### #.### #.#
#^# ##.## ???
#.∩.# #?!? #.∩.#
##### #####


You could see a mummy and an orc zombie.

Vanquished Creatures
  A human zombie (Ossuary)
  An orc priest (D:4)
  An orc wizard (D:3)
  A mummy (Ossuary)
  3 gnolls (D:3)
  A dart slug (D:2)
  4 orcs (D:3)
  6 endoplasms
  A giant cockroach (D:2)
  5 goblins
  5 hobgoblins
  2 jackals (D:2)
  6 kobolds
  3 quokkas
  5 ball pythons
  4 bats
  3 frilled lizards
  A kobold zombie (Ossuary)
  6 rats
59 creatures vanquished.

Notes
Turn   | Place    | Note
-------+----------+-------------------------------------------
     0 | D:1      | nickcage the Spriggan Enchanter began the quest for the
                  | Orb.
     0 | D:1      | Reached XP level 1. HP: 9/9 MP: 5/5
   197 | D:1      | Found a faded altar of an unknown god.
   433 | D:1      | You fall into a shaft and drop 1 floor!
   514 | D:2      | Reached XP level 2. HP: 10/13 MP: 6/6
   888 | D:1      | Learned a level 2 spell: Ensorcelled Hibernation
  1048 | D:2      | Found a shimmering blue altar of Sif Muna.
  1711 | D:2      | Reached skill level 5 in Hexes
  1907 | D:2      | Reached XP level 3. HP: 16/16 MP: 8/8
  2218 | D:3      | Found a burning altar of Makhleb.
  2799 | D:3      | Reached XP level 4. HP: 19/21 MP: 0/9
  3919 | D:4      | Found an opulent altar of Gozag.
  3929 | D:4      | Reached XP level 5. HP: 23/24 MP: 1/10
  4036 | D:4      | Found a sand-covered staircase.
  4042 | Ossuary  | Entered an ossuary
  4193 | Ossuary  | Reached skill level 5 in Short Blades
  4221 | Ossuary  | Slain by a mummy

Illustrated notes

Levels and vault maps discovered:
D:1:      dpeg_arrival_arbitrary_c, layout_basic, basic_ecumenical_altar,
          chequers_jeans, minmay_crystal_room
D:2:      layout_loops_corners, basic_altar, minmay_hedge_maze,
          kennysheep_generic_room_14
D:3:      layout_basic, mainiacjoe_overflow_surrounded_room, serial_bayou_pond_b
D:4:      layout_basic, mainiacjoe_overflow_alcove_1,
          lightli_ossuary_entry_decrepit_ruins, uniq_edmund
Ossuary:  ossuary_crypta

Skill      XL: |  1  2  3  4  5 |
---------------+----------------+-----
Hexes          | 4 5 |  5.0
Short Blades   | 3 4 5 |  5.0
Dodging        | |  2.6
Stealth        | |  4.4
Spellcasting   | |  2.6
Ice Magic      | |  0.1

Action                   |  1- 3 |  4- 6 || total
-------------------------+-------+-------++-------
Melee: Dagger            |    74 |   114 ||   188
       Punch             |       |     4 ||     4
 Cast: Ensorcelled Hiber |    23 |    20 ||    43
  Use: Scroll            |       |     3 ||     3
 Stab: Sleeping          |    26 |    13 ||    39
       Distracted        |     1 |       ||     1
Armor: Robe              |     7 |     7 ||    14
Dodge: Dodged            |    47 |    59 ||   106
